 Dungeon Crawl Stone Soup version 0.30.1-3-gfc49f6343a (webtiles) character file.

Game seed: 16221721904929414701

8871 spardeous the Placeless Demigod (level 10, -12/69 HPs)
             Began as a Demigod Conjurer on Aug 2, 2023.
             Shot with an arrow by a centaur warrior (13 damage)
             ... on level 12 of the Dungeon.
             The game lasted 00:18:21 (11727 turns).

spardeous the Placeless Demigod (Demigod Conjurer) Turns: 11727, Time: 00:18:23

Health: -12/69     AC: 10    Str: 14    XL:     10   Next: 94%
Magic:  17/28      EV: 12    Int: 32    God:
Gold:   459        SH:  0    Dex: 18    Spells: 20/29 levels left

rFire   . . .        L - +3 falchion (freeze)
rCold   . . .        (no shield)
rNeg    + + .        F - +3 leather armour of Meagoil {rN++}
rPois   +            k - +0 helmet
rElec   .            a - +0 cloak
rCorr   .            B - +0 pair of gloves
SInv    .            q - +0 pair of boots
Will    +....        O - amulet of magic regeneration
Stlth   ++           d - ring of Ohyefyuf {rPois Dex+6}
HPRegen 0.31/turn    E - +6 ring of strength
MPRegen 0.61/turn

%: no passive effects
@: no status effects
A: high MP 1, forlorn, divine attributes
a: no special abilities


You were on level 12 of the Dungeon.
You visited 1 branch of the dungeon, and saw 12 of its levels.
You also visited: Ossuary.

You collected 511 gold pieces.
You spent 52 gold pieces at shops.

Inventory:

Hand Weapons
 L - a +3 falchion of freezing (weapon)
Armour
 a - a +0 cloak (worn)
 k - a +0 helmet (worn)
 p - a scarf of shadows
 q - a +0 pair of boots (worn)
 v - the +10 chain mail of the Swamp {Drain rF+ rCorr Dex+3}
   (You found it on level 6 of the Dungeon)

   Dex:       It affects your dexterity (+3).
   rF:        It protects you from fire.
   rCorr:     It protects you from acid and corrosion.
   Drain:     It drains your maximum health when unequipped.
 B - a +0 pair of gloves (worn)
 F - the +3 leather armour of Meagoil (worn) {rN++}
   (You found it on level 7 of the Dungeon)

   rN:        It greatly protects you from negative energy.
Jewellery
 d - the ring of Ohyefyuf (left hand) {rPois Dex+6}
   (You found it on level 8 of the Dungeon)

   [ring of dexterity]

   Dex:       It affects your dexterity (+6).
   rPois:     It protects you from poison.
 f - a ring of positive energy
 C - a +5 ring of evasion
 E - a +6 ring of strength (right hand)
 O - an amulet of magic regeneration (around neck)
 R - a ring of resist corrosion
Wands
 y - a wand of mindburst (36)
 J - a wand of paralysis (9)
 N - a wand of iceblast (4)
 P - a wand of polymorph (6)
Scrolls
 c - 5 scrolls of amnesia {unknown}
 i - 2 scrolls of fear
 j - a scroll of fog {unknown}
 m - 5 scrolls of enchant armour {unknown}
 n - 2 scrolls of vulnerability {unknown}
 t - 5 scrolls of magic mapping {unknown}
 w - 5 scrolls of noise
 x - 6 scrolls of teleportation
 D - 3 scrolls of immolation
 G - 3 scrolls of identify
 I - 6 scrolls of enchant weapon
 M - a scroll of acquirement
 Q - a scroll of butterflies {unknown}
Potions
 b - a potion of magic
 e - 2 potions of invisibility {unknown}
 g - 2 potions of flight
 h - 4 potions of heal wounds {unknown}
 l - 3 potions of haste {unknown}
 o - a potion of resistance
 r - 3 potions of lignification
 s - a potion of might
 u - 2 potions of brilliance {unknown}
 z - 2 potions of berserk rage {unknown}
 A - 3 potions of degeneration {unknown}
 H - a potion of mutation
 K - 6 potions of curing
 S - a potion of cancellation {unknown}


   Skills:
 - Level 1.7 Dodging
 - Level 1.7 Stealth
 + Level 10.3 Spellcasting
 - Level 6.6 Conjurations
 + Level 10.3 Translocations


You had 20 spell levels left.
You knew the following spells:

 Your Spells              Type           Power      Damage    Failure   Level
a - Magic Dart            Conj           100%       1d8       1%          1
b - Searing Ray           Conj           100%       2d8       1%          2
c - Iskenderun's Mystic   Conj/Tloc      63%        2d13      1%          4
d - Passwall              Tmut/Erth      13%        N/A       6%          2

Your spell library contained the following spells:

 Spells                   Type           Power      Damage    Failure   Level
 Sandblast                Erth           32%        2d9       3%          1
 Summon Small Mammal      Summ           64%        N/A       3%          1
 Dazzling Flash           Conj/Hex       74%        N/A       3%          3
 Stone Arrow              Conj/Erth      74%        3d11      3%          3
 Fulminant Prism          Conj/Hex       18%        3d10      10%         4
 Call Canine Familiar     Summ           16%        N/A       12%         3
 Ozocubu's Armour         Ice            16%        N/A       12%         3
 Summon Guardian Golem    Hex/Summ       16%        N/A       12%         3
 Metabolic Englaciation   Hex/Ice        8%         N/A       71%         5
 Orb of Destruction       Conj           28%        9d9       91%         7
 Simulacrum               Ice/Necr       8%         N/A       99%         6
 Spellforged Servitor     Conj/Summ      18%        N/A       100%        7


Dungeon Overview and Level Annotations

Branches:
Dungeon (12/15)            Temple (0/1) D:7         Ossuary (visited)
   Lair: D:8-11         Orc: D:9-12

Shops:
D:4 [   D:6 ?   D:9 !

Annotations:
D:2 1 runed translucent door, Crazy Yiuf
D:6 2 transporters, sapphirevixen's ghost, novice GrBe
D:12 Urug


Innate Abilities, Weirdness & Mutations

You have an increased reservoir of magic. (+10% MP)
You shall have no god before yourself.
Your divine heritage dramatically boosts your attributes as you level up.


Message History

You take 14 damage, and have 25/69 hp.
MASSIVE DAMAGE!!
Urug hits you with a +2 great sword.
* * * LOW HITPOINT WARNING * * *
You take 5 damage, and have 20/69 hp.
Casting: Iskenderun's Mystic Blast (dangerous; 1% risk of failure)
Confirm with . or Enter, or press ? or * to list all spells.
You erupt in a blast of force!
The mystic blast hits the electric eel.
The electric eel is heavily wounded.
The electric eel is knocked back by the mystic blast.
The electric eel violently stops moving!
You kill the electric eel!
You hear a splash.
The mystic blast hits Urug but does no damage.
Urug is lightly wounded.
You hear a shout!
A centaur comes into view.
Urug hits you with a +2 great sword.
* * * LOW HITPOINT WARNING * * *
You take 1 damage, and have 19/69 hp.
You now have 20/28 mp.
The electric eel shoots out a bolt of lightning at you!
The bolt of electricity hits you!
* * * LOW HITPOINT WARNING * * *
The bolt of electricity hits you.
* * * LOW HITPOINT WARNING * * *
There is a stone staircase leading up here.
You take 14 damage, and have 5/69 hp.
MASSIVE DAMAGE!!
Casting: Iskenderun's Mystic Blast (dangerous; 1% risk of failure)
Confirm with . or Enter, or press ? or * to list all spells.
You erupt in a blast of force!
The mystic blast hits Urug!
Urug is moderately wounded.
Urug is knocked back by the mystic blast.
The centaur wields a +0 shortbow.
The centaur shoots an arrow.
The arrow misses you.
The electric eel shoots out a bolt of lightning at you!
The bolt of electricity hits you.
* * * LOW HITPOINT WARNING * * *
The bolt of electricity hits you.
* * * LOW HITPOINT WARNING * * *
The centaur warrior shoots an arrow.
The arrow hits you!
You die...

#.........
#.........
#.......c.
#....cc...
##########.o..(....
#.†........(.......
###########....$...
#........
###@.......
#..~~~.~~~~
≈≈~~~~~~†≈≈~~≈≈≈
≈≈≈..~~†.≈~~S≈≈≈
≈≈#........~≈≈≈≈ ≈
#........~#≈≈≈
#.........####
####......#
#......#


You could see Urug, a centaur warrior, 2 centaurs and an electric eel.

Vanquished Creatures
  Pikel (D:9)
  Joseph (D:8)
  A gargoyle (D:10)
  A komodo dragon (D:11)
  Psyche (D:8)
  The ghost of BillyBaka the Covered, an amateur AtFi of Okawaru (D:5)
  2 hornets
  2 wraiths (Ossuary)
  14 yaks
  2 wyverns
  2 water moccasins
  An ice beast (D:6)
  5 orc warriors
  A sky beast (D:7)
  4 centaurs
  2 ogres
  4 lemures (D:9)
  3 phantoms
  A kobold brigand (D:7)
  A bullfrog (D:9)
  2 scorpions
  9 wights
  9 killer bees (D:7)
  3 howler monkeys
  2 electric eels (D:12)
  4 jellies
  6 hounds
  2 gnoll boudas
  5 orc priests
  4 iguanas
  A sleepcap (D:4)
  Natasha (thrice) (D:2)
  8 orc wizards
  A mummy (D:8)
  11 gnolls
  8 adders
  A white imp (D:7)
  An ufetubus (D:5)
  An adder zombie (Ossuary)
  2 worms
  3 dart slugs
  15 orcs
  5 endoplasms
  3 giant cockroaches
  8 goblins
  9 hobgoblins
  2 kobolds (D:7)
  5 quokkas
  3 ball pythons
  3 ball python skeletons (Ossuary)
  7 bats
  2 frilled lizards
  A hobgoblin skeleton (Ossuary)
  A kobold zombie (Ossuary)
  3 orc zombies (Ossuary)
  6 rats
209 creatures vanquished.

Vanquished Creatures (others)
  An orc wizard (D:7)
1 creature vanquished.

Grand Total: 210 creatures vanquished

Notes
Turn   | Place    | Note
-------+----------+-------------------------------------------
     0 | D:1      | spardeous the Demigod Conjurer began the quest for the Orb.
     0 | D:1      | Reached XP level 1. HP: 14/14 MP: 5/5
   733 | D:1      | Reached XP level 2. HP: 20/20 MP: 4/7
  1330 | D:2      | Reached XP level 3. HP: 26/26 MP: 1/9
  1468 | D:2      | Noticed Natasha
  1489 | D:2      | Killed Natasha
  1495 | D:1      | Learned a level 2 spell: Searing Ray
  1622 | D:2      | Reached XP level 4. HP: 33/33 MP: 8/10
  1714 | D:2      | Noticed Natasha
  1717 | D:2      | Killed Natasha
  1718 | D:2      | Reached skill level 5 in Conjurations
  1848 | D:2      | Noticed Natasha
  1853 | D:2      | Killed Natasha
  2282 | D:2      | Found a runed translucent door.
  2283 | D:2      | Noticed Crazy Yiuf
  2321 | D:2      | Learned a level 4 spell: Iskenderun's Mystic Blast
  2389 | D:3      | Reached XP level 5. HP: 38/38 MP: 7/12
  3528 | D:4      | Found Noasugu's Antique Armour Emporium.
  3759 | D:4      | Reached XP level 6. HP: 45/45 MP: 8/14
  4739 | D:5      | Entered Level 5 of the Dungeon
  4797 | D:5      | Reached skill level 1 in Translocations
  4922 | D:5      | Reached XP level 7. HP: 46/50 MP: 8/16
  5814 | D:5      | Found a runed translucent door.
  5814 | D:5      | Noticed a yak
  5815 | D:5      | Noticed BillyBaka's ghost (amateur AtFi)
  5879 | D:5      | Reached skill level 5 in Spellcasting
  6465 | D:6      | Reached XP level 8. HP: 19/57 MP: 11/19
  6608 | D:6      | Found Joduutao's Magic Scroll Shoppe.
  6636 | D:6      | Bought a scroll of noise for 13 gold pieces
  6636 | D:6      | Bought a scroll of teleportation for 39 gold pieces
  6966 | D:6      | Identified the +10 chain mail of the Swamp {Drain rF+ rCorr
                  | Dex+3}
  7009 | D:6      | Found a transporter.
  7106 | D:6      | Found a transporter.
  7177 | D:6      | Reached skill level 5 in Translocations
  7407 | D:7      | Identified the +3 leather armour of Meagoil {rN++}
  7581 | D:7      | Found a sand-covered staircase.
  7676 | Ossuary  | Entered an ossuary
  8225 | Ossuary  | Reached XP level 9. HP: 51/62 MP: 12/23
  8629 | D:7      | Found a staircase to the Ecumenical Temple.
  9162 | D:5      | Killed BillyBaka's ghost
  9183 | D:5      | Identified a scroll of acquirement
  9281 | D:6      | Noticed sapphirevixen's ghost (novice GrBe)
  9337 | D:8      | Noticed Psyche
  9344 | D:8      | Killed Psyche
  9424 | D:8      | Learned a level 2 spell: Passwall
  9581 | D:8      | Identified the ring of Ohyefyuf {rPois Dex+6}
  9963 | D:8      | Noticed Joseph
  9982 | D:8      | Killed Joseph
  9983 | D:8      | Reached XP level 10. HP: 69/69 MP: 15/27
 10107 | D:9      | Found Mocruo's Distillery.
 10325 | D:9      | Noticed Pikel
 10385 | D:9      | Killed Pikel
 10683 | D:10     | Entered Level 10 of the Dungeon
 11615 | D:10     | You fall into a shaft and drop 1 floor!
 11627 | D:11     | Reached skill level 10 in Spellcasting
 11630 | D:11     | Reached skill level 10 in Translocations
 11716 | D:12     | Noticed Urug
 11723 | D:12     | Noticed a centaur warrior
 11727 | D:12     | HP: 1/69 [electric eel/bolt of electricity (4)]
 11727 | D:12     | Shot with an arrow by a centaur warrior

Illustrated notes

Levels and vault maps discovered:
D:1:      dpeg_arrival_subterranean_lakeside_camping, layout_basic
D:2:      layout_rooms, minmay_tall_x, uniq_natasha, uniq_crazy_yiuf_cottage
D:3:      layout_loops_corners, mainiacjoe_overflow_swirl,
          nicolae_ru_the_path_less_chosen, nicolae_qazlal_scattered_showers
D:4:      layout_gridville, makhleb_heckhound_becter, serial_shops, shop,
          item_on_display_a
D:5:      layout_loops_ring, ebering_ghost_inner_flame, minmay_misc_feat_encased
D:6:      layout_cave_pools, serial_shops, shop, gammafunk_ghost_abyssal_escape
D:7:      layout_cave_pools, cheibrodos_ashenzari_chains,
          nicolae_overflow_hidden_temple, minmay_temple_entry_large_hall,
          enter_ossuary_1, chequers_serial_rivers_large_b, eino_jars
D:8:      layout_gridville, lemuel_doored_altar, slow_altar_2, uniq_joseph,
          uniq_psyche
D:9:      layout_rooms, overflow_temple_1_default, serial_shops, shop,
          uniq_pikel
D:10:     layout_basic, mainiacjoe_overflow_alcove_2,
          mainiacjoe_overflow_concentric_impassable, nicolae_uskayaw_suspiria,
          kennysheep_mini_moat
D:11:     layout_basic, dpeg_oklobed_lair, david_orc_3, gauntlet_entry_generic,
          zin_purify, uniq_amaemon, uniq_erolcha, uniq_erica, uniq_snorg
D:12:     nzn_winding_woodlands_stair_trap [nzn_winding_woodlands_5x15_twine,
          nzn_winding_woodlands_5x15_jagged, nzn_winding_woodlands_5x15_garden,
          nzn_winding_woodlands_15x15_eel_pit,
          nzn_winding_woodlands_5x15_lazy_stream,
          nzn_winding_woodlands_5x15_cabin, nzn_winding_woodlands_5x15_zeroes],
          layout_basic, nicolae_trove_entry_isolated, uniq_urug

Skill      XL: |  1  2  3  4  5  6  7  8  9 10 |
---------------+-------------------------------+-----
Spellcasting   | 2 3 4 5 7 8 10 | 10.3
Conjurations   | 4 5 6 |  6.6
Translocations | 1 3 6 8 10 | 10.3
Dodging        | |  1.7
Stealth        | |  1.7

Action                     |  1- 3 |  4- 6 |  7- 9 | 10-12 || total
---------------------------+-------+-------+-------+-------++-------
  Melee: Trident           |       |       |     4 |       ||     4
         Unarmed           |       |       |     2 |       ||     2
         Falchion          |       |       |       |     5 ||     5
   Cast: Magic Dart        |    63 |   136 |    90 |       ||   289
         Searing Ray       |       |     5 |    54 |     1 ||    60
         Iskenderun's Myst |       |       |    34 |    76 ||   110
  Evoke: Wand              |       |       |       |     1 ||     1
    Use: Scroll            |       |       |     8 |       ||     8
         Potion            |       |       |       |     2 ||     2
 Armour: Robe              |     1 |     1 |       |       ||     2
         Scale mail        |       |     2 |    37 |       ||    39
         Leather armour    |       |       |    47 |    13 ||    60
  Dodge: Dodged            |    15 |     8 |    83 |    24 ||   130
